 Dungeon Crawl Stone Soup version 0.30-a0-578-gdee14c521f (console) character file.

Game seed: 16925910254619944453

135204 jejorda2 the Phalangite (level 17, -3/139 (142) HPs)
             Began as a Merfolk Berserker on Dec 31, 2022.
             Was a High Priest of Trog.
             Slain by a spriggan berserker
             ... wielding a +0 antimagic quarterstaff
              (16 damage)
             ... on level 3 of the Swamp.
             The game lasted 01:16:44 (26586 turns).

jejorda2 the Phalangite (Merfolk Berserker)        Turns: 26586, Time: 01:16:45

HP:   -3/139 (142)  AC: 32    Str: 25    XL:     17   Next: 18%
MP:   0/17          EV: 10    Int:  6    God:    Trog [*****.]
Gold: 2883          SH:  0    Dex: 14    Spells: 16/16 levels left

rFire   + . .      SeeInvis .    b - +7 bardiche "Ylus" {flame, Fly}
rCold   . . .      Faith    +    (shield currently unavailable)
rNeg    . . .      Spirit   .    S - +1 plate armour {rPois}
rPois   +          Reflect  .    F - +2 helmet
rElec   .          Harm     .    H - +2 cloak
rCorr   .          Rampage  .    C - +2 pair of gloves
Will    +....                    E - +0 pair of boots Stlth
                                 g - amulet of faith
HPRegen 0.43/turn                q - +4 ring of protection
MPRegen 0.15/turn                I - ring of protection from fire

@: flying, studying Shields, lightly drained
A: (nimble swimmer 2), mertail
a: Renounce Religion, Berserk, Trog's Hand, Brothers in Arms


You were on level 3 of the Swamp.
You worshipped Trog.
Trog was extremely pleased with you.
You visited 4 branches of the dungeon, and saw 25 of its levels.
You also visited: Sewer, Bailey and Volcano.

You collected 2919 gold pieces.
You spent 36 gold pieces at shops.

Inventory:

Hand Weapons
 a - a +0 spectral glaive
 b - the +7 bardiche "Ylus" (weapon) {flame, Fly}
   (Trog gifted it to you on level 5 of the Lair of Beasts)

   It burns those it strikes, dealing additional fire damage.
   Big, fiery blades are also staple armaments of hydra-hunters.
   Fly:       It grants you flight.
 U - the +3 glaive of Floods {antimagic, *Slow rElec rF+ Will+}
   (Trog gifted it to you on level 1 of the Orcish Mines)

   It reduces the magical energy of the wielder, and disrupts the spells and
   magical abilities of those it strikes.
   Natural abilities and divine invocations are not affected.
   rF:        It protects you from fire.
   rElec:     It insulates you from electricity.
   *Slow:     It may slow you when you take damage.
   Will:      It increases your willpower.
 V - a +3 heavy bardiche
Missiles
 d - 29 javelins (quivered)
 i - 230 stones
 m - 36 poisoned darts
 L - 12 boomerangs
 M - 4 throwing nets
 O - 4 curare-tipped darts
Armour
 C - a +2 pair of gloves (worn)
 E - a +0 pair of boots (worn)
 F - a +2 helmet (worn)
 H - a +2 cloak (worn)
 S - a +1 plate armour of poison resistance (worn)
Jewellery
 c - a ring of resist corrosion
 g - an amulet of faith (around neck)
 q - a +4 ring of protection (left hand)
 y - a ring of ice
 I - a ring of protection from fire (right hand)
Wands
 j - a wand of digging (30)
 o - a wand of charming (13)
 v - a wand of mindburst (58)
 x - a wand of acid (13)
 A - a wand of polymorph (22)
 P - a wand of iceblast (6)
 T - a wand of flame (16)
Scrolls
 p - a scroll of enchant weapon
 s - 20 scrolls of teleportation
 t - 5 scrolls of fear
 u - 3 scrolls of blinking
 w - a scroll of brand weapon
 B - 5 scrolls of magic mapping
 Q - 2 scrolls of fog
 W - a scroll of identify
 X - 2 scrolls of poison
Potions
 e - 5 potions of haste
 f - 5 potions of mutation
 h - 4 potions of invisibility
 k - 2 potions of berserk rage
 l - 3 potions of resistance
 n - 5 potions of might
 r - 12 potions of heal wounds
 z - 14 potions of curing
 D - 6 potions of flight
 G - 5 potions of cancellation
 J - 5 potions of attraction
 N - 5 potions of ambrosia
 R - a potion of lignification
Miscellaneous
 K - a phial of floods


   Skills:
 + Level 15.0 Fighting
 + Level 23.4 Polearms
 - Level 16.0 Throwing
 * Level 11.4 Armour
 - Level 6.0 Dodging
 - Level 6.0 Evocations


You had 16 spell levels left.
You didn't know any spells.
Your spell library was empty.

Dungeon Overview and Level Annotations

Branches:
Dungeon (15/15)            Temple (0/1) D:5            Lair (5/5) D:8
  Swamp (3/4) Lair:2        Snake (0/4) Lair:3        Slime (0/5) Lair:5
    Orc (2/2) D:9             Elf (0/3) Orc:2        Vaults (0/5) D:14
 Depths (0/4) D:15          Sewer (visited)          Bailey (visited)
Volcano (visited)

Altars:
Dithmenos
Elyvilon
Kikubaaqudgha
Qazlal
Ru
Uskayaw
Wu Jian
Xom
Zin
Jiyva

Shops:
D:4 *   D:7 :   Orc:2 *([=

Annotations:
D:7 3 runed translucent doors, DSscumlord's ghost, novice DsHu
D:9 2 transporters, exclusion: ice statue, bande's ghost, novice GrFi


Innate Abilities, Weirdness & Mutations

((You are very nimble when in or above water. (Stealth+, EV+, Speed+++)))
Your lower body shifts to a powerful aquatic tail in water.


Message History

The nine-headed hydra bites you but does no damage. x2
The nine-headed hydra bites you! The nine-headed hydra bites you.
The nine-headed hydra barely misses you.
Your spectral weapon disappears.
You fly up into the air.
The +7 bardiche "Ylus" {flame, Fly} bursts into flame!
b - the +7 bardiche "Ylus" (weapon)
{flame, Fly} The spriggan berserker hits you with a +0 antimagic quarterstaff!!
You feel your power leaking away.
You hit the nine-headed hydra. You burn the nine-headed hydra.
The nine-headed hydra is severely wounded.
The spriggan berserker closely misses you.
The nine-headed hydra barely misses you.
The nine-headed hydra bites you but does no damage. x2
The nine-headed hydra bites you!
The nine-headed hydra bites you but does no damage. x4
The nine-headed hydra barely misses you.
You chop one of the nine-headed hydra's heads off!
The flame cauterises the wound!
You slash the eight-headed hydra! You burn the eight-headed hydra.
The eight-headed hydra is almost dead.
The spriggan berserker hits you with a +0 antimagic quarterstaff!
The eight-headed hydra bites you but does no damage. x2
The eight-headed hydra closely misses you.
The eight-headed hydra bites you but does no damage. x4
The eight-headed hydra barely misses you.
You lop one of the eight-headed hydra's heads off!
The flame cauterises the wound!
You slash the seven-headed hydra! You burn the seven-headed hydra.
The seven-headed hydra is almost dead.
The spriggan berserker hits you with a +0 antimagic quarterstaff!!
* * * LOW HITPOINT WARNING * * *
You hack one of the seven-headed hydra's heads off!
The flame cauterises the wound!
You slice the six-headed hydra!! You burn the six-headed hydra.
You kill the six-headed hydra!
Trog accepts your kill.
The spriggan berserker hits you with a +0 antimagic quarterstaff!!
* * * LOW HITPOINT WARNING * * *
The spriggan berserker hits you with a +0 antimagic quarterstaff!
You die...

.♣♣~~..~♣ ♣.†~~~~~~..
♣♣~...?♣♣♣~~~~~~~..~
♣♣♣...>~~~.♣.~~~~~~~~§
♣.~~~~§~~~.♣♣~}~.~~~~~
♣~~~~~~~~§..~....§~~~~
♣♣.~~~~~~~~...~~~~)~~~
♣♣~.~~~~~~..~..~~~~~§
~♣♣♣♣♣~~~~..♣~...?~~~~~~
~.~~.~~@.>.♣♣♣<~~~...~~.
~~..~~~i.♣...~.~~...~~~~
.~~~~.~♣♣♣..♣♣♣~...♣♣~~~
♣♣..♣♣♣ ♣♣♣♣ ♣♣♣♣♣♣♣~♣♣
♣... ♣.~.♣ ... ♣♣~~.♣ ♣♣
♣...~♣♣ ♣~~~..♣ ♣~§~.♣♣


You could see a spriggan berserker (berserk).

Vanquished Creatures
  A thorn hunter (Swamp:2)
  Donald (Orc:2)
  A fenstrider witch (Swamp:1)
  An orc warlord (Orc:2)
  Louise (Swamp:2)
  2 eleionomae
  Azrael (Orc:2)
  5 bunyips
  Snorg (Orc:2)
  A fire dragon (Volcano)
  Harold (D:9)
  11 hydras
  A rakshasa (D:14)
  3 boulder beetles
  7 centaur warriors
  2 ghost crabs
  8 two-headed ogres
  2 catoblepae
  A death knight (D:14)
  2 ogre magi
  An alligator (Swamp:1)
  10 death yaks
  A tengu warrior (D:11)
  4 orc high priests (Orc:2)
  5 sun demons (Volcano)
  3 goliath frogs
  A skeletal warrior (D:14)
  4 swamp dragons
  A bog body (Swamp:3)
  A spriggan druid (Swamp:1)
  2 wizards
  3 orc knights (Orc:2)
  4 oklob plants (D:11)
  6 deep elf pyromancers
  A necromancer (D:15)
  12 cyclopes
  2 will-o-the-wisps (Swamp:2)
  2 orc sorcerers (Orc:2)
  11 elephants
  8 ugly things
  2 manticores
  3 black mambas
  A naga mage (D:15)
  3 gargoyles
  A cane toad (shapeshifter) (D:14)
  A smoke demon (Volcano)
  5 centaur skeletons
  12 cane toads
  A rime drake (Lair:2)
  9 komodo dragons
  3 unseen horrors
  A kobold demonologist (D:14)
  5 yaktaurs
  3 tengu conjurers
  A freezing wraith (D:15)
  2 queen bees
  9 trolls
  A tyrant leech (Swamp:1)
  A bloated husk (Swamp:2)
  7 meliai
  4 polar bears
  8 hornets
  3 dream sheep (Lair:5)
  Grinder (D:5)
  A centaur simulacrum (D:15)
  Prince Ribbit (D:8)
  A jumping spider (shapeshifter) (D:14)
  13 slime creatures
  4 shadows
  5 wyverns
  2 wraiths
  16 spriggans
  4 fire elementals (Orc:2)
  5 basilisks
  Grum (D:10)
  69 yaks
  17 vampire mosquitoes
  7 steam dragons
  10 swamp worms
  A warg (D:7)
  6 acid dragons
  Menkaure (D:6)
  13 water moccasins
  6 hell hounds
  2 swamp drakes
  37 orc warriors
  3 sky beasts
  8 boggarts
  A black bear (shapeshifter) (D:13)
  9 black bears
  30 wolves
  12 ogres
  24 centaurs
  2 phantoms
  6 kobold brigands
  Blork the orc (D:5)
  8 bullfrogs
  A necrophage (D:7)
  A gnoll sergeant (D:10)
  2 scorpions
  3 wights (D:9)
  45 killer bees
  6 electric eels
  9 howler monkeys
  A lava snake (D:13)
  2 hounds (D:6)
  Crazy Yiuf (D:5)
  14 orc priests
  4 iguanas
  2 jellies (Sewer)
  Jessica (D:3)
  25 orc wizards
  5 hell rats (Lair:5)
  Natasha (twice) (D:2)
  6 ogre zombies (D:9)
  14 gnolls
  6 adders
  A white imp (D:7)
  An ufetubus (D:5)
  5 worms
  79 orcs
  8 endoplasms
  5 giant cockroaches
  6 goblins
  10 hobgoblins
  3 jackals (D:3)
  9 quokkas
  6 ball pythons
  5 bats
  8 frilled lizards
  A goblin skeleton (D:9)
  3 goblin zombies (D:9)
  2 hobgoblin skeletons (D:9)
  2 hobgoblin zombies (D:9)
  19 kobolds
  3 orc skeletons (D:9)
  8 orc zombies (D:9)
  7 rats
  3 briar patches (Swamp:2)
892 creatures vanquished.

Vanquished Creatures (others)
  A centaur warrior (D:14)
  A bog body (Swamp:1)
  A bloated husk (Swamp:1)
  A meliai zombie (D:15)
  An orc wizard (D:4)
  4 foxfires (Swamp:2)
  43 fungi
  17 plants
69 creatures vanquished.

Grand Total: 961 creatures vanquished

Notes
Turn   | Place    | Note
-------+----------+-------------------------------------------
     0 | D:1      | jejorda2 the Merfolk Berserker began the quest for the Orb.
     0 | D:1      | Reached XP level 1. HP: 18/18 MP: 1/1
   276 | D:1      | Reached XP level 2. HP: 24/24 MP: 2/2
   754 | D:2      | Reached XP level 3. HP: 29/29 MP: 3/3
   808 | D:2      | Identified the +8 spear "Gyavo" {flame, rC+ rN+ Int-4}
   822 | D:2      | Noticed Natasha
   829 | D:2      | Killed Natasha
   829 | D:2      | Reached ** piety under Trog
   830 | D:2      | Reached skill level 5 in Polearms
  1084 | D:2      | Reached XP level 4. HP: 37/37 MP: 4/4
  1282 | D:2      | Noticed Natasha
  1298 | D:2      | Killed Natasha
  1423 | D:3      | You fall into a shaft and drop 2 floors!
  1423 | D:5      | Entered Level 5 of the Dungeon
  1423 | D:5      | Found a staircase to the Ecumenical Temple.
  1478 | D:4      | Noticed a phantom
  1499 | D:4      | Found a glowing drain.
  1509 | Sewer    | Entered a sewer
  1712 | Sewer    | Reached XP level 5. HP: 38/42 MP: 5/5
  1768 | Sewer    | Reached skill level 6 in Polearms
  1813 | Sewer    | Found a viscous altar of Jiyva.
  1851 | Sewer    | Identified the +10 mace of the Insatiable Olives {drain,
                  | Drain +Blink rC+ Int+2}
  1865 | Sewer    | Reached *** piety under Trog
  1940 | D:4      | Killed a phantom
  1941 | D:4      | Reached skill level 7 in Polearms
  1941 | D:4      | Reached XP level 6. HP: 45/49 MP: 6/6
  1969 | D:4      | Reached skill level 5 in Dodging
  2020 | D:4      | Found Jirchocs's General Store.
  2194 | D:4      | Noticed a black bear
  2198 | D:4      | Killed a black bear
  2199 | D:4      | Reached skill level 5 in Fighting
  2199 | D:4      | Reached XP level 7. HP: 56/56 MP: 7/7
  2553 | D:3      | Reached skill level 8 in Polearms
  2603 | D:3      | Found a faded altar of an unknown god.
  2648 | D:3      | Found a shimmering altar of Xom.
  2649 | D:3      | Reached **** piety under Trog
  2650 | D:3      | Found a shimmering altar of Xom.
  2651 | D:3      | Found a shimmering altar of Xom.
  2651 | D:3      | Found a shimmering altar of Xom.
  2653 | D:3      | Found a shimmering altar of Xom.
  2653 | D:3      | Found a shimmering altar of Xom.
  2654 | D:3      | Found a shimmering altar of Xom.
  2752 | D:3      | Noticed Jessica
  2760 | D:3      | Killed Jessica
  3405 | D:5      | Reached skill level 9 in Polearms
  3574 | D:5      | Reached XP level 8. HP: 45/64 MP: 8/8
  3710 | D:5      | Noticed Blork the orc
  3714 | D:5      | Noticed Grinder
  3716 | D:5      | Killed Blork the orc
  3723 | D:5      | Killed Grinder
  3724 | D:5      | Reached skill level 10 in Polearms
  3840 | D:5      | Found a runed translucent door.
  3841 | D:5      | Noticed Crazy Yiuf
  3851 | D:5      | Killed Crazy Yiuf
  3910 | D:5      | Reached skill level 11 in Polearms
  4393 | D:6      | Reached skill level 1 in Throwing
  4396 | D:6      | Noticed Menkaure
  4401 | D:6      | Killed Menkaure
  4445 | D:6      | Reached XP level 9. HP: 57/69 MP: 9/9
  4448 | D:6      | Reached skill level 12 in Polearms
  4600 | D:6      | Found a glowing silver altar of Zin.
  4832 | D:6      | Found a white marble altar of Elyvilon.
  4833 | D:6      | Found a hide-covered altar of Uskayaw.
  4969 | D:7      | Found a flagged portal.
  4979 | Bailey   | Entered a bailey
  5383 | Bailey   | Reached skill level 13 in Polearms
  5427 | Bailey   | Reached skill level 5 in Throwing
  5427 | Bailey   | Reached XP level 10. HP: 64/76 MP: 10/10
  5588 | D:7      | Reached ***** piety under Trog
  5601 | D:7      | Found Vewebek's Vocational Training.
  5649 | D:7      | Found a shadowy altar of Dithmenos.
  5778 | D:7      | Noticed Maggie
  5792 | D:7      | Maggie changed into Maggie the warg
  5792 | D:7      | Noticed Maggie
  5797 | D:7      | Killed Maggie the warg
  5843 | D:7      | Found a runed translucent gate.
  5843 | D:7      | Found a runed translucent gate.
  5843 | D:7      | Found a runed translucent gate.
  5845 | D:7      | Noticed a spectral unseen horror
  5847 | D:7      | Noticed DSscumlord's ghost (novice DsHu)
  5905 | D:7      | Found a stormy altar of Qazlal.
  6105 | D:8      | Noticed Prince Ribbit
  6110 | D:7      | Identified a scroll of acquirement
  6110 | D:7      | Acquired a manual of Throwing
  6220 | D:8      | Killed Prince Ribbit
  6220 | D:8      | Received a gift from Trog
  6227 | D:8      | Reached skill level 14 in Polearms
  6227 | D:8      | Reached skill level 5 in Armour
  6393 | D:8      | Found a staircase to the Lair.
  6597 | D:8      | Found a sacrificial altar of Ru.
  6750 | D:8      | Found an ornate altar of the Wu Jian Council.
  7028 | D:9      | Noticed Harold
  7059 | D:9      | Killed Harold
  7121 | D:9      | Found a transporter.
  7123 | D:9      | Found a transporter.
  7129 | D:9      | Noticed bande's ghost (novice GrFi)
  7140 | D:9      | Noticed a boulder beetle
  7310 | D:9      | Reached XP level 11. HP: 70/81 MP: 11/11
  7411 | D:9      | Found a staircase to the Orcish Mines.
  7429 | D:9      | Reached skill level 15 in Polearms
  7516 | D:9      | Received a gift from Trog
  8453 | Lair:1   | Entered Level 1 of the Lair of Beasts
  8762 | Lair:1   | Reached skill level 16 in Polearms
  8762 | Lair:1   | Reached skill level 10 in Throwing
  9221 | Lair:1   | Reached XP level 12. HP: 88/88 MP: 12/12
  9457 | Lair:2   | Noticed a four-headed hydra
  9464 | Lair:2   | Killed a one-headed hydra
  9465 | Lair:2   | Reached skill level 17 in Polearms
  9579 | Lair:2   | Noticed a death yak
  9579 | Lair:2   | Noticed a death yak
  9579 | Lair:2   | Noticed a death yak
  9586 | Lair:2   | Noticed a death yak
  9587 | Lair:2   | Killed a death yak
  9592 | Lair:2   | Killed a death yak
  9599 | Lair:2   | Killed a death yak
  9600 | Lair:2   | Killed a death yak
  9714 | Lair:2   | Reached skill level 18 in Polearms
  9859 | Lair:2   | You fall into a shaft and drop 2 floors!
 10001 | Lair:4   | Received a gift from Trog
 11099 | Lair:3   | Noticed a four-headed hydra
 11108 | Lair:3   | Killed a one-headed hydra
 11187 | Lair:3   | Noticed a catoblepas
 11191 | Lair:3   | Found a dark tunnel.
 11194 | Lair:3   | Killed a catoblepas
 11195 | Lair:3   | Reached XP level 13. HP: 69/98 MP: 13/13
 11277 | Volcano  | Entered a volcano
 11320 | Volcano  | Reached skill level 19 in Polearms
 11650 | Volcano  | Noticed a fire dragon
 11664 | Volcano  | Killed a fire dragon
 11923 | Lair:3   | Found a staircase to the Snake Pit.
 12505 | Lair:2   | Reached skill level 20 in Polearms
 12854 | Lair:2   | Found a staircase to the Swamp.
 13308 | Lair:5   | Entered Level 5 of the Lair of Beasts
 13336 | Lair:5   | Reached skill level 1 in Evocations
 13523 | Lair:5   | Received a gift from Trog
 13535 | Lair:5   | Reached skill level 15 in Throwing
 13536 | Lair:5   | Reached ****** piety under Trog
 13537 | Lair:5   | Reached skill level 10 in Fighting
 13733 | Lair:5   | Reached XP level 14. HP: 110/110 MP: 14/14
 14036 | Lair:5   | Identified the +7 bardiche "Ylus" {flame, Fly} (Trog gifted
                  | it to you on level 5 of the Lair of Beasts)
 14036 | Lair:5   | Received a gift from Trog
 14161 | Lair:5   | Identified the +0 falchion of the Thirteen Ghosts {speed,
                  | rF- rC+ rCorr Dex+7}
 14168 | Lair:5   | Found a staircase to the Slime Pits.
 14169 | Lair:5   | Found a viscous altar of Jiyva.
 14697 | D:10     | Entered Level 10 of the Dungeon
 14698 | D:10     | Found an ancient bone altar of Kikubaaqudgha.
 14805 | D:10     | Noticed Grum
 14809 | D:10     | Killed Grum
 14812 | D:10     | Reached skill level 5 in Evocations
 15842 | D:11     | Received a gift from Trog
 16204 | D:11     | Reached skill level 21 in Polearms
 16413 | D:11     | Reached XP level 15. HP: 114/120 MP: 15/15
 16961 | D:12     | Received a gift from Trog
 18672 | D:14     | Received a gift from Trog
 19346 | D:14     | Found a gate to the Vaults.
 19370 | D:14     | Reached skill level 22 in Polearms
 20043 | D:15     | Entered Level 15 of the Dungeon
 20125 | D:15     | Received a gift from Trog
 20403 | D:15     | Reached XP level 16. HP: 80/131 MP: 16/16
 21535 | D:15     | Found a staircase to the Depths.
 21885 | Orc:1    | Entered Level 1 of the Orcish Mines
 21893 | Orc:1    | Identified the +3 glaive of Floods {antimagic, *Slow rElec
                  | rF+ Will+} (Trog gifted it to you on level 1 of the Orcish
                  | Mines)
 21893 | Orc:1    | Received a gift from Trog
 22316 | Orc:2    | Entered Level 2 of the Orcish Mines
 22347 | Orc:2    | Noticed Snorg
 22347 | Orc:2    | Found Wosud's Jewellery Shop.
 22347 | Orc:2    | Found Jocecuw's Antique Weapon Shoppe.
 22380 | Orc:2    | Noticed Azrael
 22405 | Orc:2    | Killed Azrael
 22427 | Orc:2    | Received a gift from Trog
 22457 | Orc:2    | Found Reriet's General Store.
 22600 | Orc:2    | Reached skill level 10 in Armour
 22670 | Orc:2    | Killed Snorg
 23210 | Orc:2    | Bought 4 curare-tipped darts for 36 gold pieces
 23340 | Orc:2    | Noticed Donald
 23354 | Orc:2    | Killed Donald
 23509 | Orc:2    | Found a staircase to the Elven Halls.
 23603 | Orc:2    | Found Hufrasig's Antique Armour Shoppe.
 23914 | Swamp:1  | Entered Level 1 of the Swamp
 24253 | Swamp:1  | Reached skill level 23 in Polearms
 24416 | Swamp:1  | Received a gift from Trog
 24521 | Swamp:1  | Noticed a fenstrider witch
 24546 | Swamp:1  | Killed a fenstrider witch
 24919 | Swamp:1  | Identified the -1 kite shield of Amorality {Will+ Str+3}
 25102 | Swamp:2  | Noticed Louise
 25297 | Swamp:2  | Reached XP level 17. HP: 133/140 MP: 17/17
 25689 | Swamp:2  | Killed Louise
 26434 | Swamp:3  | Reached skill level 15 in Fighting
 26586 | Swamp:3  | Slain by a spriggan berserker

Illustrated notes

Levels and vault maps discovered:
D:1:      saegor_arrival_fortress, layout_loops_ring, glass_columns_b
D:2:      layout_loops_cross, kennysheep_pointless_box, chequers_avenue,
          uniq_natasha
D:3:      layout_basic, xom_redecorated,
          hellmonk_ecumenical_altar_pennies_from_heaven, uniq_jessica
D:4:      layout_cave_pools, serial_shops, shop, portal_sewer_entry_f
D:5:      layout_basic, temple_green, uniq_grinder, uniq_blork_the_orc,
          uniq_crazy_yiuf_cottage
D:6:      layout_loops_ring, lemuel_doored_altar,
          nicolae_overflow_hidden_temple, serial_bayou_pond_d,
          minmay_misc_feat_roman, nicolae_eternal_life, uniq_menkaure
D:7:      layout_cave_pools, mainiacjoe_overflow_concentric_impassable,
          nicolae_dithmenos_shadow_blocks, gammafunk_ghost_necromancy,
          enter_bailey_2, nicolae_shop_vocational, uniq_maggie
D:8:      layout_basic, kennysheep_little_box, nzn_wu_jian_council_hall,
          lair_entry_dummy, uniq_prince_ribbit1
D:9:      layout_cave_pods, zombieorc1_lemuel, nzn_ghost_randoct, serial_glass,
          glass_columns_c, glass_columns_b, item_on_display_a,
          item_on_display_a, uniq_harold
D:10:     layout_rooms, mainiacjoe_overflow_tiny_flanked, uniq_grum
D:11:     hangedman_what_comes_after_a, layout_loops_corners
D:12:     layout_roguey, hangedman_decor_growths, chequers_serial_rivers_room_a,
          chequers_serial_rivers_micro_c, hive_lemuel
D:13:     layout_loops_ring, nicolae_lava_and_water, kennysheep_crisscross
D:14:     layout_cross, hangedman_vaults_entry_quadrant_bands,
          minmay_shattered_shrine
D:15:     grunt_enter_depths_magical_seal, layout_stronghold,
          nicolae_kite_square_tiling_tiny
Lair:1:   layout_chaotic_city, serial_bayou_shore_b
Lair:2:   layout_gridlike, minmay_swamp_entry_swarm
Lair:3:   layout_loops_ring, dummy_snake_entry, nicolae_volcano_entry_lava_flow,
          lemuel_fruit_tree
Lair:4:   layout_roguey, beast_lair_carwin_4, infiniplex_staircase_pool_2
Lair:5:   minmay_lair_end_enchanted_forest, layout_gridlike, slime_entry_1
Swamp:1:  layout_falls_marsh, nicolae_swamp_round_clearing, swamp_pool2,
          st_swamp_mini
Swamp:2:  layout_falls_marsh, evilmike_swamp_ruin_house_6, uniq_louise
Swamp:3:  layout_basic_swamp, hangedman_swamp_cone
Orc:1:    layout_caves
Orc:2:    grunt_orc_gardens, layout_diamond_mine, grunt_orc_garden,
          grunt_orc_garden, grunt_orc_garden, grunt_orc_garden, uniq_donald,
          uniq_azrael, uniq_snorg

Skill      XL: |  1  2  3  4  5  6  7  8  9 10 11 12 13 14 15 16 17 |
---------------+----------------------------------------------------+-----
Dodging        | 3 4 5 6 |  6.0
Polearms       | 5 7 9 11 13 14 16 18 20 21 22 23 | 23.4
Fighting       | 4 5 6 8 10 12 13 14 15 | 15.0
Throwing       | 1 5 7 11 13 15 16 | 16.0
Armour         | 2 4 6 7 9 11 | 11.4
Evocations     | 2 6 |  6.0

Action                   |  1- 3 |  4- 6 |  7- 9 | 10-12 | 13-15 | 16-18 || total
-------------------------+-------+-------+-------+-------+-------+-------++-------
Melee: Spear             |    93 |   109 |   255 |   349 |       |       ||   806
       Punch             |     2 |       |     2 |     6 |       |       ||    10
       Tailslap          |       |     1 |     1 |       |       |     8 ||    10
       Glaive            |       |       |       |   199 |   851 |   425 ||  1475
       Bardiche          |       |       |       |       |       |    41 ||    41
Throw: Stone             |       |       |     8 |     5 |       |       ||    13
       Dart              |       |       |       |       |     6 |       ||     6
       Boomerang         |       |       |       |       |       |    26 ||    26
       Javelin           |       |       |       |       |       |    10 ||    10
       Throwing net      |       |       |       |       |       |     1 ||     1
Invok: Trog's Hand       |       |     2 |     4 |     4 |     6 |     5 ||    21
       Berserk           |       |     1 |     6 |     5 |    10 |     7 ||    29
Evoke: Wand              |       |       |       |     3 |     2 |     3 ||     8
       Phial of floods   |       |       |       |       |       |     1 ||     1
  Use: Scroll            |       |     1 |    12 |    12 |    12 |     1 ||    38
       Potion            |       |     1 |       |     1 |     1 |     1 ||     4
 Stab: Distracted        |       |       |     1 |     3 |    13 |     3 ||    20
       Petrified         |       |       |       |       |     6 |       ||     6
Armor: Chain mail        |    32 |    45 |    22 |       |       |       ||    99
       Plate armour      |       |       |    67 |   198 |   454 |   288 ||  1007
Dodge: Dodged            |    16 |    46 |    75 |   117 |   233 |   154 ||   641

Table legend: (Time is in decaauts)
 A = Elapsed time spent in this place.
 B = Non-inter-level travel time spent in this place.
 C = Inter-level travel time spent in this place.
 D = Time resting spent in this place.
 E = Time spent auto-exploring this place.
 F = Levels seen in this place.
 G = Mean time per level.
                   A        B        C        D        E       F      G
               +--------+--------+--------+--------+--------+-----+--------+
         Total |  25798 |  23994 |   1804 |   2884 |  16933 |  28 |  921.4 |
       Dungeon |  14633 |  13308 |   1325 |    984 |  10071 |  15 |  975.5 |
          Lair |   5658 |   5337 |    321 |    448 |   4190 |   5 | 1131.6 |
         Swamp |   2502 |   2445 |     57 |    650 |   1435 |   3 |  834.0 |
  Orcish Mines |   1613 |   1514 |     99 |    327 |    848 |   2 |  806.5 |
         Sewer |    365 |    365 |      0 |    163 |    126 |   1 |  365.0 |
        Bailey |    541 |    541 |      0 |    110 |    175 |   1 |  541.0 |
       Volcano |    484 |    484 |      0 |    199 |     86 |   1 |  484.0 |
               +--------+--------+--------+--------+--------+-----+--------+

Top non-repeatable levels by time:
 Swamp:1: 1817 daAuts
    D:13: 1753 daAuts
    D:15: 1663 daAuts
    D:11: 1652 daAuts
     D:9: 1451 daAuts
  Lair:4: 1264 daAuts
  Lair:2: 1250 daAuts
  Lair:5: 1197 daAuts
  Lair:1: 1051 daAuts
   Orc:2: 1022 daAuts
     D:8: 927 daAuts
  Lair:3: 894 daAuts
     D:5: 887 daAuts
     D:3: 804 daAuts
    D:14: 748 daAuts
